 Dungeon Crawl Stone Soup version 0.31-a0-7-g51783674b7 (webtiles) character file.

Game seed: 10682168917977888022

63687 jasper the Black Belt (level 15, 0/80 HPs)
             Began as a Vine Stalker Transmuter on May 5, 2023.
             Was a High Priest of Okawaru.
             Slain by a very large slime creature (32 damage)
             ... on level 14 of the Dungeon.
             The game lasted 00:48:01 (19522 turns).

jasper the Black Belt (Vine Stalker Transmuter)    Turns: 19522, Time: 00:48:01

Health: 0/80       AC: 31    Str: 18    XL:     15   Next: 10%
Magic:  0/22       EV:  9    Int: 19    God:    Okawaru [*****.]
Gold:   1158       SH:  5    Dex: 21    Spells: 8/18 levels left

rFire   + .          .
                       - Unarmed
rCold   + . .        (no shield)
rNeg    + . .        V - +11 plate armour of the Midnight Sun {Regen+ Str+3 Stlth+}
rPois   .            b - +0 helmet
rElec   +            Q - +0 cloak of the World {Rampage rC+ Str+2 SInv}
rCorr   .            G - +0 pair of gloves
SInv    +            c - +0 pair of boots
Will    +....        J - amulet "Heerr" {Reflect Rampage Drain rElec Dex+3 SH+5} Stlth
                     n - +4 ring of slaying
HPRegen 1.93/turn    Y - ring "Alyblisch" {rF+ rN+ Dex+2}
MPRegen 0.18/turn

%: reflection, guardian spirit, rampage
@: studying 2 skills
A: fangs 3, regeneration 1, magic shield, antimagic bite, no potion heal 2
a: Renounce Religion, Heroism, Finesse, Duel


You were on level 14 of the Dungeon.
You worshipped Okawaru.
Okawaru was extremely pleased with you.
You visited 3 branches of the dungeon, and saw 20 of its levels.
You also visited: Bailey and Ice Cave.

You collected 1368 gold pieces.
You spent 210 gold pieces at shops.

Inventory:

Missiles
 g - 3 throwing nets
 l - 4 curare-tipped darts
 p - 171 stones
 r - 21 boomerangs (quivered)
Armour
 b - a +0 helmet (worn)
 c - a +0 pair of boots (worn)
 m - a +2 cloak of preservation
 E - an orb of guile
 G - a +0 pair of gloves (worn)
 Q - the +0 cloak of the World (worn) {Rampage rC+ Str+2 SInv}
   (You acquired it in a bailey)

   Str:       It affects your strength (+2).
   rC:        It protects you from cold.
   SInv:      It lets you see invisible.
   Rampage:   It bestows one free step when moving towards enemies.
 V - the +11 plate armour of the Midnight Sun (worn) {Regen+ Str+3 Stlth+}
   (Okawaru gifted it to you on level 2 of the Lair of Beasts)

   Str:       It affects your strength (+3).
   Regen:     It increases your rate of health regeneration.
   Stlth:     It makes you more stealthy.
Jewellery
 j - a ring of see invisible
 n - a +4 ring of slaying (left hand)
 o - an amulet of the acrobat
 x - a ring of magical power
 F - an amulet of regeneration
 J - the amulet "Heerr" (around neck) {Reflect Rampage Drain rElec Dex+3 SH+5}
   (You found it in an ice cave)

   [amulet of reflection]

   It reflects blocked missile attacks.
   Dex:       It affects your dexterity (+3).
   rElec:     It insulates you from electricity.
   Drain:     It drains your maximum health when unequipped.
   SH:        It affects your SH (+5).
   Rampage:   It bestows one free step when moving towards enemies.
 R - a ring of wizardry
 U - a ring of magical power
 X - a ring of resist corrosion
 Y - the ring "Alyblisch" (right hand) {rF+ rN+ Dex+2}
   (You acquired it on level 5 of the Lair of Beasts)

   [ring of protection from fire]

   Dex:       It affects your dexterity (+2).
   rF:        It protects you from fire.
   rN:        It protects you from negative energy.
Wands
 a - a wand of digging (2)
 q - a wand of flame (48)
 A - a wand of light (4)
 D - a wand of polymorph (5)
 H - a wand of paralysis (37)
 Z - a wand of roots (5)
Scrolls
 d - 10 scrolls of immolation
 e - 5 scrolls of vulnerability
 f - 6 scrolls of teleportation
 s - 4 scrolls of poison
 v - a scroll of torment
 y - 2 scrolls of identify
 C - 11 scrolls of amnesia
 I - 6 scrolls of magic mapping
 M - 4 scrolls of enchant armour
 O - a scroll of fear
 P - a scroll of noise
 S - a scroll of brand weapon
 T - a scroll of fog
 W - a scroll of blinking
Potions
 h - 5 potions of haste
 i - 4 potions of cancellation
 k - 4 potions of flight
 t - 5 potions of brilliance
 u - a potion of mutation
 w - 8 potions of attraction
 z - 7 potions of curing
 B - 6 potions of lignification
 K - 2 potions of might
 L - 5 potions of heal wounds
 N - a potion of ambrosia {unknown}


   Skills:
 - Level 10.0 Fighting
 + Level 9.7 Armour
 - Level 6.9 Dodging
 * Level 16.6 Unarmed Combat
 - Level 2.1 Spellcasting
 - Level 10.0 Transmutations
 - Level 4.0 Ice Magic
 - Level 4.0 Poison Magic
 - Level 8.0 Invocations
 - Level 1.0 Evocations


You had 8 spell levels left.
You knew the following spells:

 Your Spells              Type           Power      Damage    Failure   Level
a - Beastly Appendage     Tmut           80%        N/A       6%          1
b - Wereblood             Tmut           40%        N/A       10%         2
c - Spider Form           Tmut/Pois      28%        N/A       54%         3
d - Ice Form              Ice/Tmut       28%        N/A       91%         4

Your spell library contained the following spells:

 Spells                   Type           Power      Damage    Failure   Level
 Ignite Poison            Fire/Tmut/Pois 19%        N/A       86%         3
 Ensorcelled Hibernation  Hex/Ice        18%        N/A       94%         2
 Poisonous Vapours        Pois/Air       18%        N/A       94%         2
 Cigotuvi's Dreadful Rot  Necr/Pois/Air  14%        N/A       97%         2
 Apportation              Tloc           4%         N/A       98%         1
 Kiss of Death            Conj/Necr      8%         2d6       98%         1
 Lesser Beckoning         Tloc           4%         N/A       99%         2
 Sublimation of Blood     Necr           2%         N/A       99%         2
 Hailstorm                Conj/Ice       9%         3d4       99%         3
 Alistair's Intoxication  Tmut/Pois      18%        N/A       99%         5
 Confusing Touch          Hex            2%         N/A       100%        3
 Dazzling Flash           Conj/Hex       4%         N/A       100%        3
 Gell's Gravitas          Tloc           2%         N/A       100%        3
 Mephitic Cloud           Conj/Pois/Air  7%         N/A       100%        3
 Portal Projectile        Hex/Tloc       4%         N/A       100%        3
 Teleport Other           Tloc           2%         N/A       100%        3
 Volatile Blastmotes      Fire/Tloc      4%         2d10      100%        3
 Anguish                  Hex/Necr       1%         N/A       100%        4
 Cause Fear               Hex            1%         N/A       100%        4
 Dispel Undead            Necr           2%         3d7       100%        4
 Iskenderun's Mystic Bla  Conj/Tloc      2%         2d3       100%        4
 Leda's Liquefaction      Hex/Erth       1%         N/A       100%        4
 Passage of Golubria      Tloc           2%         N/A       100%        4
 Borgnjor's Vile Clutch   Necr/Erth      1%         N/A       100%        5
 Freezing Cloud           Conj/Ice/Air   3%         6-21      100%        5
 Metabolic Englaciation   Hex/Ice        4%         N/A       100%        5
 Yara's Violent Unravell  Hex/Tmut       10%        3d6       100%        5
 Starburst                Conj/Fire      1%         6d3       100%        6
 Enfeeble                 Hex            1%         N/A       100%        7
 Ozocubu's Refrigeration  Ice            8%         4d9       100%        7
 Polar Vortex             Ice            8%         N/A       100%        9
 Call Canine Familiar     Summ           Unusable   N/A       N/A         3
 Tukima's Dance           Hex            Unusable   N/A       N/A         3
 Animate Dead             Necr           Unusable   N/A       N/A         4
 Summon Ice Beast         Ice/Summ       Unusable   N/A       N/A         4
 Death Channel            Necr           Unusable   N/A       N/A         6
 Summon Hydra             Summ           Unusable   N/A       N/A         7

Dungeon Overview and Level Annotations

Branches:
Dungeon (14/15)            Temple (1/1) D:6            Lair (5/5) D:11
  Swamp (0/4) Lair:3       Spider (0/4) Lair:2        Slime (0/5) Lair:4
 Vaults (0/5) D:14         Bailey (visited)           IceCv (visited)
    Orc: D:9-12

Altars:
Ashenzari
Cheibriados
Dithmenos
Elyvilon
Gozag
Hepliaklqana
Kikubaaqudgha
Okawaru
Qazlal
Ru
Trog
Uskayaw
Vehumet
Wu Jian
Xom
Yredelemnul
Zin
The Shining One

Shops:
D:7 *   D:11 ?

Annotations:
D:7 Pikel
D:11 1 runed translucent door, kmckee's ghost, journeyman MiFi
Lair:2 exclusions: orb spider and 1 more exclusion


Innate Abilities, Weirdness & Mutations

You have razor-sharp teeth.
Your natural rate of healing is unusually fast.
When hurt, damage is shared between your health and your magic reserves.
Your bite disrupts and absorbs the magic of your enemies.
Potions cannot restore your health.


Message History

You see here a +1 pair of boots. 2 slime creatures come into view.
The slime creature quivers. x2
Two slime creatures merge to form a large slime creature.
Health restored: 80 You start waiting.
Done waiting.
The slime creature quivers. x2
Two slime creatures merge to form a large slime creature.
You rampage towards the large slime creature!
You hit the large slime creature. You bite the large slime creature.
You drain its power.
The large slime creature is lightly wounded.
You pummel the large slime creature!! You punch the large slime creature!!
You bite the large slime creature! You drain its power.
The large slime creature is heavily wounded.
The large slime creature hits you but does no damage.
A slime creature comes into view.
You hit the large slime creature. You bite the large slime creature.
You drain its power.
The large slime creature is severely wounded.
The large slime creature hits you!
You take 14 damage, and have 66/80 hp.
You now have 19/22 mp.
You hit the large slime creature. You bite the large slime creature.
You drain its power.
You feel invigorated.
The large slime creature is severely wounded.
Two slime creatures merge to form a very large slime creature.
MP restored: 22 You hit the very large slime creature.
You punch the very large slime creature!
You bite the very large slime creature. You drain its power.
The very large slime creature is heavily wounded.
You regained 2 hp, and now have 69/80 hp.
You hit the very large slime creature.
The very large slime creature is heavily wounded.
The very large slime creature hits you!!!
You take 37 damage, and have 32/80 hp.
MASSIVE DAMAGE!!
You now have 10/22 mp.
The very large slime creature attacks as you move away!
The very large slime creature hits you!!!
You die...

.#.#.####...##...........#.#.....
#.#.#.####.#####.................
.#.#.###..[......................
#.#.#.#..##########...#######..#.
######..## ##..# ####. .# ####
#### #..# #. .# ..# #..# #######.
.##### #J# #..# ##.......
.....### #@###..###...#####
....... #.##...##..#...... .###.#
.#####.##.........##### .....#
#.............##.#.## ###..#
#..#####....#.####.# #..####..#
#..<....###.# #........#
#...........# ##.####.##
#.......##### #.# #.# ##...#.##


You could see a very large slime creature.

Vanquished Creatures
  An azure jelly (IceCv)
  An orc warlord (Bailey)
  2 quicksilver oozes (IceCv)
  A vault guard (D:14)
  5 hydras
  A centaur warrior (D:13)
  A catoblepas (Lair:5)
  A boulder beetle (D:11)
  6 two-headed ogres
  A deep troll shaman (Lair:5)
  6 death yaks (Lair:5)
  Sonja (D:12)
  3 deep elf pyromancers
  A wolf spider (D:13)
  5 cyclopes
  3 manticores
  2 ugly things
  A will-o-the-wisp (Lair:3)
  5 elephants (Lair:5)
  An ice statue (IceCv)
  3 black mambas
  A torpor snail (Lair:4)
  6 cane toads
  6 gargoyles
  A rime drake (Lair:1)
  7 komodo dragons
  2 kobold demonologists (D:12)
  4 red devils (D:13)
  2 trolls (D:13)
  4 polar bears
  A tyrant leech (Lair:1)
  20 blink frogs
  6 dream sheep (Lair:5)
  14 slime creatures (IceCv)
  Sigmund (D:4)
  A blink frog (shapeshifter) (D:14)
  2 shadows (D:11)
  5 wyverns
  3 vampires
  4 wraiths
  46 yaks
  6 basilisks
  6 vampire mosquitoes
  A steam dragon (D:7)
  2 acid dragons
  3 swamp worms (Lair:1)
  18 water moccasins
  11 orc warriors
  5 black bears
  A great orb of eyes simulacrum (IceCv)
  A sky beast (D:8)
  An ogre (D:9)
  34 wolves
  A phantom (D:6)
  3 centaurs
  2 slime creature simulacra (IceCv)
  5 kobold brigands
  9 bullfrogs
  6 scorpions
  7 glowing shapeshifter simulacra (IceCv)
  3 wights (D:7)
  10 killer bees
  The ghost of blaah the Slasher, a weakling GnRe of Dithmenos (D:3)
  A vampire bat (Lair:2)
  6 electric eels
  9 howler monkeys
  4 hounds
  2 gnoll boudas
  13 orc priests
  2 sleepcaps
  6 jellies
  Crazy Yiuf (D:6)
  2 iguanas
  9 orc wizards
  6 shapeshifter simulacra (IceCv)
  Robin (D:4)
  14 gnolls
  6 adders
  12 white imps (D:12)
  An ufetubus (D:7)
  2 worms
  A dart slug (D:2)
  55 orcs
  4 ball pythons
  14 bats
  8 endoplasms
  4 giant cockroaches
  14 goblins
  8 hobgoblins
  5 jackals
  14 kobolds
  2 quokkas
  4 frilled lizards
  5 rats
558 creatures vanquished.

Vanquished Creatures (others)
  25 fungi
  35 plants
60 creatures vanquished.

Grand Total: 618 creatures vanquished

Notes
Turn   | Place    | Note
-------+----------+-------------------------------------------
     0 | D:1      | jasper the Vine Stalker Transmuter began the quest for the
                  | Orb.
     0 | D:1      | Reached XP level 1. HP: 9/9 MP: 4/4
    30 | D:1      | Reached skill level 1 in Fighting
   319 | D:1      | Reached XP level 2. HP: 15/15 MP: 4/6
   323 | D:1      | Learned a level 2 spell: Wereblood
   949 | D:2      | Reached XP level 3. HP: 18/18 MP: 7/7
   953 | D:2      | Learned a level 3 spell: Spider Form
  1653 | D:1      | You fall into a shaft and drop 1 floor!
  1866 | D:1      | Gained mutation: Your natural rate of healing is unusually
                  | fast. [Vine Stalker growth]
  1866 | D:1      | Reached XP level 4. HP: 23/23 MP: 6/8
  2001 | D:3      | Found a runed translucent door.
  2003 | D:3      | Noticed blaah's ghost (weakling GnRe)
  2003 | D:3      | Noticed a black bear
  2064 | D:3      | Reached skill level 4 in Unarmed Combat
  2064 | D:3      | Reached skill level 1 in Poison Magic
  2254 | D:3      | Noticed a water moccasin
  2290 | D:4      | Reached XP level 5. HP: 18/26 MP: 3/9
  2392 | D:4      | Noticed Robin
  2407 | D:4      | Killed Robin
  2417 | D:4      | Noticed a black bear
  2427 | D:4      | Killed a black bear
  2428 | D:4      | Reached skill level 5 in Unarmed Combat
  2428 | D:4      | Reached XP level 6. HP: 30/30 MP: 10/10
  2542 | D:4      | Reached XP level 7. HP: 32/35 MP: 8/11
  2633 | D:4      | Noticed Sigmund
  2649 | D:5      | Entered Level 5 of the Dungeon
  2675 | D:5      | Reached skill level 6 in Unarmed Combat
  3218 | D:5      | Gained mutation: You have razor-sharp teeth. [Vine Stalker
                  | growth]
  3218 | D:5      | Reached XP level 8. HP: 32/39 MP: 9/12
  3332 | D:5      | Found a sacrificial altar of Ru.
  3413 | D:5      | Became a worshipper of Ru the Awakened
  3683 | D:6      | Found an ancient bone altar of Kikubaaqudgha.
  3692 | D:6      | Reached skill level 7 in Unarmed Combat
  3893 | D:6      | Reached skill level 5 in Transmutations
  3979 | D:6      | Found a runed translucent door.
  3980 | D:6      | Noticed Crazy Yiuf
  4035 | D:6      | Found a staircase to the Ecumenical Temple.
  4088 | Temple   | Entered the Ecumenical Temple
  4095 | Temple   | Fell from the grace of Ru
  4095 | Temple   | Became a worshipper of Warmaster Okawaru
  4432 | D:3      | Reached skill level 8 in Unarmed Combat
  4693 | D:3      | Found an ornate altar of the Wu Jian Council.
  4954 | D:3      | Killed blaah's ghost
  4969 | D:3      | Got Sif Muna's Folio of the Miller
  5046 | D:4      | Reached XP level 9. HP: 40/42 MP: 13/13
  5259 | D:4      | Killed Sigmund
  5259 | D:4      | Reached * piety under Okawaru
  5260 | D:4      | Reached skill level 9 in Unarmed Combat
  5761 | D:6      | Found an opulent altar of Gozag.
  5887 | D:6      | Killed Crazy Yiuf
  6279 | D:7      | Found a flagged portal.
  6299 | Bailey   | Entered a bailey
  6304 | Bailey   | Noticed an orc warlord
  6356 | Bailey   | Found a runed translucent gate.
  6356 | Bailey   | Found a runed translucent gate.
  6356 | Bailey   | Found a runed translucent gate.
  6600 | Bailey   | Killed an orc warlord
  6600 | Bailey   | Reached ** piety under Okawaru
  6601 | Bailey   | Reached skill level 5 in Fighting
  6601 | Bailey   | Reached skill level 10 in Unarmed Combat
  6601 | Bailey   | Reached XP level 10. HP: 51/51 MP: 11/14
  6618 | Bailey   | Identified the +3 robe of Elitism {rN++ Int+4 Dex-4}
  6632 | Bailey   | Acquired the +0 cloak of the World {Rampage rC+ Str+2 SInv}
  6746 | D:7      | Reached skill level 1 in Invocations
  6754 | D:7      | Found Dafux's Desiderata Depot.
  6779 | D:7      | Bought a wand of digging (5) for 210 gold pieces
  6782 | D:7      | Found a glowing golden altar of the Shining One.
  7042 | D:7      | Reached *** piety under Okawaru
  7053 | D:7      | Noticed Pikel
  7139 | D:8      | Found a shadowy altar of Dithmenos.
  7559 | D:8      | Reached skill level 5 in Dodging
  7590 | D:8      | Learned a level 4 spell: Ice Form
  8029 | D:9      | Found a hide-covered altar of Uskayaw.
  8105 | D:9      | Reached skill level 1 in Ice Magic
  8120 | D:9      | Reached **** piety under Okawaru
  8279 | D:9      | Noticed a two-headed ogre
  8281 | D:9      | Noticed a two-headed ogre
  8288 | D:9      | Killed a two-headed ogre
  8294 | D:9      | Killed a two-headed ogre
  8295 | D:9      | Reached XP level 11. HP: 56/56 MP: 12/15
  8349 | D:9      | Noticed a two-headed ogre
  8375 | D:9      | Killed a two-headed ogre
  8375 | D:9      | Reached ***** piety under Okawaru
  9158 | D:10     | Entered Level 10 of the Dungeon
  9451 | D:10     | Found the +8 demon trident "Rift" {distort, reach+}
  9496 | D:10     | Reached skill level 10 in Transmutations
 10066 | D:10     | Noticed a deep elf pyromancer
 10091 | D:10     | Killed a deep elf pyromancer
 10092 | D:10     | Reached skill level 5 in Invocations
 10171 | D:10     | Found a faded altar of an unknown god.
 10172 | D:10     | Found a hazy altar of Hepliaklqana.
 10332 | D:11     | Noticed a boulder beetle
 10346 | D:11     | Killed a boulder beetle
 10525 | D:11     | Noticed a manticore
 10530 | D:11     | Killed a manticore
 10530 | D:11     | Reached ****** piety under Okawaru
 10531 | D:11     | Reached XP level 12. HP: 53/61 MP: 18/18
 10650 | D:11     | Identified the +0 animal skin of the Valley of Death {rF+
                  | rN++ Int-4 Dex+2} (Okawaru gifted it to you on level 11 of
                  | the Dungeon)
 10650 | D:11     | Received a gift from Okawaru
 10672 | D:11     | Found a staircase to the Lair.
 10873 | D:11     | Identified the +5 falchion of Xygi {freeze, Will+ Int+2}
 10924 | D:11     | Found a runed translucent door.
 10927 | D:11     | Noticed kmckee's ghost (journeyman MiFi)
 10927 | D:11     | Identified the +9 spear "Memnifyr" {holy, Int+6}
 11167 | Lair:1   | Entered Level 1 of the Lair of Beasts
 11534 | Lair:1   | Noticed a seven-headed hydra
 11539 | Lair:1   | Killed a seven-headed hydra
 12322 | Lair:1   | Reached skill level 11 in Unarmed Combat
 12973 | Lair:2   | Found a hole to the Spider Nest.
 13257 | Lair:2   | Identified the +11 plate armour of the Midnight Sun {Regen+
                  | Str+3 Stlth+} (Okawaru gifted it to you on level 2 of the
                  | Lair of Beasts)
 13257 | Lair:2   | Received a gift from Okawaru
 13258 | Lair:2   | Reached skill level 12 in Unarmed Combat
 13437 | Lair:2   | Identified the +4 leather armour of Disguise {+Blink rF+
                  | rC- Dex+6}
 13844 | Lair:3   | Reached XP level 13. HP: 39/68 MP: 10/20
 13928 | Lair:3   | Found a staircase to the Swamp.
 13962 | Lair:3   | Reached skill level 1 in Armour
 14353 | Lair:3   | Reached skill level 1 in Evocations
 14717 | Lair:4   | Reached skill level 13 in Unarmed Combat
 14947 | Lair:4   | Found a staircase to the Slime Pits.
 15224 | Lair:4   | You fall into a shaft and drop 1 floor!
 15224 | Lair:5   | Entered Level 5 of the Lair of Beasts
 15271 | Lair:5   | Acquired the ring "Alyblisch" {rF+ rN+ Dex+2}
 15460 | Lair:5   | Identified the +5 dagger of Tenacity {flame, *Rage rElec
                  | Will+ Dex+4} (Okawaru gifted it to you on level 5 of the
                  | Lair of Beasts)
 15460 | Lair:5   | Received a gift from Okawaru
 15535 | Lair:5   | Reached skill level 5 in Armour
 15556 | Lair:5   | Reached skill level 14 in Unarmed Combat
 15745 | Lair:5   | Received a gift from Okawaru
 15746 | Lair:5   | Reached XP level 14. HP: 75/75 MP: 21/21
 16449 | Lair:5   | Identified the scarf "Fytoheb" {harm, Int-2 Dex+5} (Okawaru
                  | gifted it to you on level 5 of the Lair of Beasts)
 16449 | Lair:5   | Received a gift from Okawaru
 16477 | Lair:5   | Identified the +4 triple sword "Gercharei" {heavy, rElec
                  | rPois}
 16918 | D:11     | Found Noiwouq's Magic Scroll Shop.
 17007 | D:12     | Found a frozen archway.
 17034 | IceCv    | Entered an ice cave
 17141 | IceCv    | Got the Guidebook on Graupel
 17145 | IceCv    | Got Hiapuqitz's Papyrus of Congelation
 17240 | IceCv    | Noticed a quicksilver ooze
 17249 | IceCv    | Killed a quicksilver ooze
 17250 | IceCv    | Reached skill level 15 in Unarmed Combat
 17294 | IceCv    | Reached skill level 10 in Fighting
 17352 | IceCv    | Noticed a quicksilver ooze
 17360 | IceCv    | Killed a quicksilver ooze
 17360 | IceCv    | Noticed an azure jelly
 17361 | IceCv    | Found a viscous altar of Jiyva.
 17370 | IceCv    | Killed an azure jelly
 17382 | IceCv    | Identified the amulet "Heerr" {Reflect Rampage Drain rElec
                  | Dex+3 SH+5}
 17601 | D:12     | Noticed Sonja
 17619 | D:12     | Killed Sonja
 17933 | D:12     | Found a sacrificial altar of Ru.
 18181 | D:13     | Reached skill level 16 in Unarmed Combat
 18398 | D:13     | Received a gift from Okawaru
 18523 | D:13     | Reached XP level 15. HP: 80/80 MP: 22/22
 19323 | D:14     | Found a gate to the Vaults.
 19522 | D:14     | Slain by a very large slime creature

Illustrated notes

Levels and vault maps discovered:
D:1:      onia_arrival_pyramid, layout_rooms, grunt_decor_fettered,
          minmay_fountain_box
D:2:      layout_basic, nicolae_elevator_lobby_asterisk
D:3:      layout_loops_corners, nzn_wu_jian_contemplation,
          ebering_ghost_inner_flame, cheibrodos_sewer_entry_drain
D:4:      layout_basic, uniq_sigmund, uniq_robin
D:5:      layout_gridville, lemuel_coloured_pillars_altar
D:6:      layout_loops_ring, nicolae_overflow_hidden_temple,
          minmay_temple_entry_large_hall, uniq_crazy_yiuf_cottage
D:7:      layout_loops_ring, mainiacjoe_overflow_brackets, enter_bailey_2,
          nicolae_alphabet_shops, hangedman_decor_riveting, uniq_pikel
D:8:      layout_gridville, nicolae_dithmenos_the_darkroom, serial_bayou_lake_a
D:9:      layout_roguey [special_room_orc],
          nicolae_uskayaw_murder_on_the_dancefloor, erik_orc_1, fountainhead
D:10:     layout_long_grid, beargit_hepliaklqana_dungeon_heroes,
          minmay_librarian
D:11:     layout_stronghold, minmay_lair_entry_grove,
          ebering_ghost_funeral_grove, serial_shops, kennysheep_mini_moat
D:12:     layout_roguey, portal_ice_cave_entry_imps,
          nicolae_ru_great_annihilating_truth, uniq_sonja
D:13:     layout_irregular_city, einodemon_armed_red_devil_minivault
D:14:     layout_loops_ring, david_vaults_5
Temple:   nicolae_temple_ecumenical_triangle
Lair:1:   layout_regular_city, worms_lemuel, infiniplex_staircase_pool_2
Lair:2:   layout_small_grid, nicolae_spider_entry_orb_guardian, roderic_batcave,
          grunt_megastairs_5
Lair:3:   layout_misc_corridors, minmay_swamp_entry_wisps, serial_bayou_shore_b
Lair:4:   layout_hall_layers, nicolae_slime_entry_field_trip, wad_woods_road_04
Lair:5:   grunt_lair_end_beastmaster, layout_cave_pods, dreamdust_gnoll_shepherd

Skill      XL: |  1  2  3  4  5  6  7  8  9 10 11 12 13 14 |
---------------+-------------------------------------------+-----
Fighting       | 1 2 5 6 7 9 10 | 10.0
Unarmed Combat | 4 5 6 8 10 12 14 16 | 16.6
Poison Magic   | 1 2 3 4 |  4.0
Transmutations | 3 4 6 8 10 | 10.0
Dodging        | 4 5 6 |  6.9
Invocations    | 2 7 8 |  8.0
Ice Magic      | 4 |  4.0
Armour         | 5 9 |  9.7
Evocations     | 1 |  1.0
Spellcasting   | |  2.1

Action                     |  1- 3 |  4- 6 |  7- 9 | 10-12 | 13-15 || total
---------------------------+-------+-------+-------+-------+-------++-------
  Melee: Unarmed           |    66 |    89 |   225 |   656 |   731 ||  1767
         Headbutt          |     8 |     3 |    13 |     1 |       ||    25
         Bite              |     9 |    18 |    51 |   155 |   307 ||   540
         Kick              |     8 |     5 |    22 |     2 |       ||    37
         Punch             |     1 |     3 |     4 |    34 |    85 ||   127
  Throw: Stone             |     2 |       |       |       |       ||     2
         Throwing net      |       |     1 |       |       |       ||     1
         Boomerang         |       |       |     6 |     4 |     1 ||    11
   Cast: Beastly Appendage |    22 |     5 |     9 |     1 |       ||    37
         Spider Form       |       |       |     8 |    19 |       ||    27
         Ice Form          |       |       |       |    11 |       ||    11
         Wereblood         |       |       |       |     1 |       ||     1
 Invoke: Heroism           |       |       |       |     1 |     7 ||     8
         Finesse           |       |       |       |       |     4 ||     4
Ability: End Transformatio |       |       |       |     1 |       ||     1
  Evoke: Wand              |       |       |     6 |    15 |     3 ||    24
    Use: Scroll            |     7 |     3 |     3 |     8 |    11 ||    32
         Potion            |       |     2 |       |     1 |       ||     3
   Stab: Invisible         |       |       |     3 |     3 |     1 ||     7
         Paralysed         |       |       |     3 |       |     1 ||     4
         Petrified         |       |       |       |       |    11 ||    11
         Petrifying        |       |       |       |       |     1 ||     1
 Armour: Robe              |     9 |       |     1 |   178 |       ||   188
         Skin              |       |    33 |       |    36 |       ||    69
         Ring mail         |       |    11 |    13 |       |       ||    24
         Leather armour    |       |       |    33 |       |       ||    33
         Plate armour      |       |       |       |     2 |   529 ||   531
  Dodge: Dodged            |    32 |    18 |   109 |   409 |   262 ||   830
  Block: Other             |       |       |       |       |    28 ||    28
         Reflection        |       |       |       |       |     3 ||     3

Table legend: (Time is in decaauts)
 A = Elapsed time spent in this place.
 B = Non-inter-level travel time spent in this place.
 C = Inter-level travel time spent in this place.
 D = Time resting spent in this place.
 E = Time spent auto-exploring this place.
 F = Levels seen in this place.
 G = Mean time per level.
                   A        B        C        D        E       F      G
               +--------+--------+--------+--------+--------+-----+--------+
         Total |  19193 |  18015 |   1178 |   1051 |  12763 |  22 |  872.4 |
       Dungeon |  13133 |  12234 |    899 |    939 |   8785 |  14 |  938.1 |
        Temple |     12 |      7 |      5 |      0 |      0 |   1 |   12.0 |
          Lair |   5286 |   5013 |    273 |    107 |   3675 |   5 | 1057.2 |
        Bailey |    358 |    358 |      0 |      0 |    175 |   1 |  358.0 |
      Ice Cave |    403 |    403 |      0 |      5 |    127 |   1 |  403.0 |
               +--------+--------+--------+--------+--------+-----+--------+

Top non-repeatable levels by time:
  Lair:1: 1475 daAuts
  Lair:5: 1252 daAuts
  Lair:2: 1192 daAuts
    D:10: 1186 daAuts
    D:11: 1184 daAuts
     D:5: 1183 daAuts
     D:2: 1179 daAuts
     D:3: 1162 daAuts
     D:8: 1075 daAuts
     D:9: 1012 daAuts
     D:6: 955 daAuts
  Lair:3: 836 daAuts
     D:4: 745 daAuts
     D:7: 735 daAuts
    D:13: 727 daAuts
